[Event "ICC tourney 1922 (15 5)"]
[Site "Internet Chess Club"]
[Date "2020.07.17"]
[Round "4"]
[White "WCCMTW"]
[Black "mlmkacton"]
[Result "0-1"]
[ICCResult "White resigns"]
[WhiteElo "1347"]
[BlackElo "1428"]
[Opening "Giuoco Pianissimo: Italian four knights variation"]
[ECO "C50"]
[NIC "IG.02"]
[Time "15:16:55"]
[TimeControl "900+5"]

1. e4 e5 2. Nf3 Nc6 3. Bc4 Bc5 4. Nc3 Nf6 5. d3 h6 6. O-O O-O 7. h3 d6 8. a3
Be6 9. Bxe6 fxe6 10. Qe1 Nd4 11. Nxd4 Bxd4 12. Be3 Bb6 13. Bxb6 axb6 14. Qe3
Qe7 15. b4 c5 16. Ne2 cxb4 17. axb4 Rxa1 18. Rxa1 d5 19. Qxb6 dxe4 20. dxe4
Nxe4 21. Qe3 Qxb4 22. c3 Qb2 23. Rc1 Ng5 24. Qxe5 Rf5 25. Qb8+ Rf8 26. Qe5
b5 27. Qe3 Qa3 28. c4 Qxe3 29. fxe3 bxc4 30. Rxc4 e5 31. Ng3 Kh7 32. Ne4
Nxe4 33. Rxe4 Re8 34. g4 Kg6 35. Kg2 h5 36. Kf3 hxg4+ 37. hxg4 Kg5 38. Kg3
Re7 39. Kf3 Kh4 40. Rxe5 Rxe5 41. Kf4 Re8 42. e4 Rf8+ 43. Ke3 Kxg4 44. e5
Kf5 45. Kd4 Rd8+ 46. Ke3 Kxe5 {White resigns} 0-1

[Event "ICC tourney 1922 (15 5)"]
[Site "Internet Chess Club"]
[Date "2020.07.17"]
[Round "4"]
[White "bmnyc"]
[Black "Pranayasree"]
[Result "1-0"]
[ICCResult "Black checkmated"]
[WhiteElo "1394"]
[BlackElo "1321"]
[Opening "Damiano's defense"]
[ECO "C40"]
[NIC "KP.10"]
[Time "15:16:57"]
[TimeControl "900+5"]

1. e4 e5 2. Nf3 f6 3. Bc4 Bc5 4. O-O Nh6 5. d4 Bb6 6. dxe5 fxe5 7. Nxe5 Qf6
8. Ng4 Nxg4 9. Qxg4 Nc6 10. Bg5 Qxb2 11. Nd2 Qxc2 12. Bb3 Qc5 13. Be3 Qd6
14. Qxg7 Qe5 15. Qxe5+ Nxe5 16. Bxb6 axb6 17. Nc4 Nxc4 18. Bxc4 d6 19. Rae1
Bd7 20. e5 dxe5 21. Rxe5+ Kd8 22. Rd1 Re8 23. Red5 Re7 24. Kf1 c6 25. Rd6
Kc7 26. Rh6 b5 27. Bb3 Bg4 28. Re1 Rg7 29. h3 Bd7 30. Be6 Bxe6 31. Rexe6 Ra6
32. Re5 Rxa2 33. Reh5 Ra1+ 34. Ke2 Rg1 35. Rxh7 Rxh7 36. Rxh7+ Kb8 37. g4
Rc1 38. f4 Rc5 39. g5 b4 40. g6 b3 41. g7 b2 42. g8=Q+ Ka7 43. Qg1 Ka8 44.
Rh8+ Ka7 45. Rd8 Ka6 46. Ra8+ Kb6 47. Rd8 Ka6 48. Rd1 Rb5 49. Qf1 c5 50. Ke3
c4 51. Qxc4 b6 52. f5 Ka5 53. f6 Rf5 54. f7 b5 55. Qe6 Rc5 56. f8=Q Rc3+ 57.
Kd4 Rc2 58. Qa8+ Kb4 59. Qf8+ Ka4 60. h4 Rc1 61. Qf1 b1=Q 62. Rxc1 Qb4+ 63.
Kd5 Qxh4 64. Qe4+ Qxe4+ 65. Kxe4 b4 66. Qa6+ Kb3 67. Qc4+ Ka4 68. Ra1#
{Black checkmated}
1-0

[Event "ICC tourney 1922 (15 5)"]
[Site "Internet Chess Club"]
[Date "2020.07.17"]
[Round "4"]
[White "amaganti"]
[Black "risingstar3"]
[Result "0-1"]
[ICCResult "White checkmated"]
[WhiteElo "1180"]
[BlackElo "1277"]
[Opening "Sicilian defense"]
[ECO "B20"]
[NIC "SI.48"]
[Time "15:16:54"]
[TimeControl "900+5"]

1. e4 c5 2. Bc4 d6 3. Nh3 Bxh3 4. gxh3 Nf6 5. Be2 g6 6. O-O Nxe4 7. h4 Nc6
8. h5 gxh5 9. Bxh5 Rg8+ 10. Kh1 Nf6 11. Qf3 Nd4 12. Qf4 Nxc2 13. Qf5 Nxa1
14. d3 Nc2 15. Bg5 Nd4 16. Qf4 Ne6 17. Qa4+ Nd7 18. Bxf7+ Kxf7 19. f4 Ke8
20. f5 Ng7 21. f6 Ne6 22. fxe7 Bxe7 23. Bh6 Rg6 24. Qe4 Rxh6 25. Qf5 Nb6 26.
Qg4 Nd5 27. Qg8+ Kd7 28. Qg4 Rg6 29. Qa4+ Kc8 30. Rc1 Qf8 31. Na3 Rf6 32.
Nb5 Rf1+ 33. Kg2 Rxc1 34. Nxa7+ Kb8 35. Qd7 Kxa7 36. Qxe6 Qg7+ 37. Kf3 Rf1+
38. Ke2 Qg2# {White checkmated} 0-1

[Event "ICC tourney 1922 (15 5)"]
[Site "Internet Chess Club"]
[Date "2020.07.17"]
[Round "4"]
[White "viratfan"]
[Black "Eshap"]
[Result "1-0"]
[ICCResult "Black resigns"]
[WhiteElo "1545"]
[BlackElo "1434"]
[Opening "Evans gambit declined"]
[ECO "C51"]
[NIC "IG.05"]
[Time "15:16:52"]
[TimeControl "900+5"]

1. e4 e5 2. Nf3 Nc6 3. Bc4 Bc5 4. b4 Be7 5. c3 Nf6 6. d3 O-O 7. O-O d5 8.
exd5 Nxd5 9. Re1 Bf6 10. d4 exd4 11. Nxd4 Nxd4 12. cxd4 Nb6 13. Bb3 Bf5 14.
Bb2 Bxb1 15. Rxb1 Nd5 16. a3 a5 17. bxa5 Rxa5 18. Ra1 c5 19. Qd2 cxd4 20.
Bxd4 Bxd4 21. Qxd4 Nf6 22. Qxd8 Rxd8 23. a4 Rf8 24. Reb1 b5 25. axb5 Rxb5
26. Bxf7+ Rxf7 27. Rxb5 h6 28. h3 Ne4 29. f3 Nc3 30. Rb8+ Kh7 31. Raa8 Kg6
32. Rf8 Rxf8 33. Rxf8 Ne2+ 34. Kf2 Nd4 35. g4 Ne6 36. Rc8 Kf6 37. Rc6 Kf7
38. Ke3 Nd8 39. Rc7+ Kf8 40. f4 Ne6 41. Rc8+ Kf7 42. f5 Ng5 43. h4 Nh3 44.
Rc1 Kf6 45. Rh1 Ng5 46. hxg5+ hxg5 47. Kf3 g6 48. fxg6 Kxg6 49. Rh5 Kf6 50.
Ke4 Kg6 51. Ke5 Kg7 52. Kf5 Kf7 53. Rh7+ Kg8 54. Kg6 Kf8 55. Kf6 Kg8 56.
Rg7+ Kf8 57. Rxg5 Ke8 58. Rd5 {Black resigns} 1-0

[Event "ICC tourney 1922 (15 5)"]
[Site "Internet Chess Club"]
[Date "2020.07.17"]
[Round "4"]
[White "chenxuan2012"]
[Black "sahanakasturi"]
[Result "1-0"]
[ICCResult "Black resigns"]
[WhiteElo "1558"]
[BlackElo "1436"]
[Opening "Ruy Lopez: Berlin defense, open variation"]
[ECO "C67"]
[NIC "RL.07"]
[Time "15:16:54"]
[TimeControl "900+5"]

1. e4 e5 2. Nf3 Nc6 3. Bb5 Nf6 4. O-O Nxe4 5. d4 d6 6. d5 Bg4 7. dxc6 Rb8 8.
cxb7+ Bd7 9. Bxd7+ Qxd7 10. Be3 Rxb7 11. Qd5 Rb4 12. c3 Ra4 13. b3 c6 14.
Qd3 Ra5 15. Qxe4 d5 16. Qc2 Bd6 17. b4 Rb5 18. Nbd2 O-O 19. Ng5 g6 20. a4
Rbb8 21. Ngf3 Rbe8 22. Bh6 Rc8 23. Bxf8 Rxf8 24. a5 Qg4 25. h3 Qf4 26. g3
Qf6 27. Rad1 e4 28. Nh4 e3 29. fxe3 Qg5 30. Rf3 Re8 31. Nf1 Re6 32. Kg2 Qe7
33. a6 Re4 34. Kf2 Qe6 35. g4 Be7 36. Ng2 g5 37. Qb1 Bd6 38. Rd4 Re5 39. Qd3
c5 40. bxc5 Bxc5 41. Ra4 h5 42. gxh5 Qh6 43. c4 Qxh5 44. cxd5 g4 45. hxg4
Qxg4 46. Rg3 f5 47. Rgxg4+ fxg4 48. Qg6+ Kf8 49. Qf6+ Ke8 50. Qxe5+ Kf7 51.
Qc7+ {Black resigns} 1-0

[Event "ICC tourney 1922 (15 5)"]
[Site "Internet Chess Club"]
[Date "2020.07.17"]
[Round "5"]
[White "Eshap"]
[Black "Chess-noob"]
[Result "1-0"]
[ICCResult "Black checkmated"]
[WhiteElo "1476"]
[BlackElo "1371"]
[Opening "Evans gambit"]
[ECO "C51"]
[NIC "IG.05"]
[Time "16:13:30"]
[TimeControl "900+5"]

1. e4 e5 2. Nf3 Nc6 3. Bc4 Bc5 4. b4 Bxb4 5. c3 Bc5 6. d4 exd4 7. cxd4 Nxd4
8. Nxd4 Bxd4 9. Qxd4 d6 10. Qd5 c6 11. Qxf7# {Black checkmated} 1-0

[Event "ICC tourney 1922 (15 5)"]
[Site "Internet Chess Club"]
[Date "2020.07.17"]
[Round "5"]
[White "sahanakasturi"]
[Black "WCCMTW"]
[Result "1-0"]
[ICCResult "Black checkmated"]
[WhiteElo "1463"]
[BlackElo "1312"]
[Opening "Giuoco Piano"]
[ECO "C50"]
[NIC "IG.02"]
[Time "16:13:31"]
[TimeControl "900+5"]

1. e4 e5 2. Nf3 Nc6 3. Bc4 Bc5 4. O-O Nf6 5. Nc3 d6 6. h3 Be6 7. Bb5 Bd7 8.
d3 O-O 9. Bg5 a6 10. Nd5 Nd4 11. Nxf6+ gxf6 12. Bh6 Re8 13. Nxd4 Bxd4 14.
Qf3 c6 15. Qg3+ Kh8 16. Qg7# {Black checkmated} 1-0

[Event "ICC tourney 1922 (15 5)"]
[Site "Internet Chess Club"]
[Date "2020.07.17"]
[Round "5"]
[White "risingstar3"]
[Black "TanishaS"]
[Result "0-1"]
[ICCResult "White checkmated"]
[WhiteElo "1166"]
[BlackElo "1016"]
[Opening "Four knights: Italian variation"]
[ECO "C47"]
[NIC "KP.06"]
[Time "16:13:28"]
[TimeControl "900+5"]

1. e4 e5 2. Nf3 Nc6 3. Nc3 Nf6 4. Bc4 Bb4 5. a3 Bc5 6. d3 O-O 7. Be3 Qe7 8.
Bxc5 Qxc5 9. Nd5 Ng4 10. Nxc7 Qxf2# {White checkmated} 0-1

[Event "ICC tourney 1922 (15 5)"]
[Site "Internet Chess Club"]
[Date "2020.07.17"]
[Round "5"]
[White "Anichess2009"]
[Black "hmnyc"]
[Result "0-1"]
[ICCResult "White resigns"]
[WhiteElo "1416"]
[BlackElo "1590"]
[Opening "Caro-Kann defense"]
[ECO "B10"]
[NIC "CK.01"]
[Time "16:13:23"]
[TimeControl "900+5"]

1. e4 c6 2. Nf3 d5 3. exd5 cxd5 4. c4 Nf6 5. cxd5 Nxd5 6. Bc4 Nf6 7. Ne5 Be6
8. Qb3 Bxc4 9. Qxc4 e6 10. Qb5+ Nbd7 11. Nxd7 Qxd7 12. Qxd7+ Nxd7 13. Nc3
O-O-O 14. d3 Bb4 15. Bd2 Bxc3 16. Bxc3 Rhg8 17. O-O-O Nc5 18. d4 Na4 19. Bb4
Rd7 20. b3 Nb6 21. Bc3 Rgd8 22. f4 Nd5 23. Bd2 Nb6 24. Be3 Nd5 25. Bd2 Nb6
26. Bc3 Nd5 27. Bb2 Nxf4 28. g3 Ne2+ 29. Kb1 Nxd4 30. Rhf1 Nc6 31. Bxg7
Rxd1+ 32. Rxd1 Rxd1+ 33. Kc2 Rh1 34. h4 Rg1 {White resigns} 0-1

[Event "ICC tourney 1922 (15 5)"]
[Site "Internet Chess Club"]
[Date "2020.07.17"]
[Round "5"]
[White "DuckyBirdLover"]
[Black "chenxuan2012"]
[Result "0-1"]
[ICCResult "White resigns"]
[WhiteElo "1473"]
[BlackElo "1597"]
[Opening "Hungarian defense"]
[ECO "C50"]
[NIC "IG.03"]
[Time "16:13:25"]
[TimeControl "900+5"]

1. e4 e5 2. Nf3 Nc6 3. Bc4 Be7 4. Nc3 Nf6 5. d3 O-O 6. Bg5 h6 7. Bxf6 Bxf6
8. O-O d6 9. Nd5 Be6 10. Nxf6+ Qxf6 11. Bxe6 fxe6 12. c3 a6 13. d4 exd4 14.
Nxd4 Nxd4 15. cxd4 d5 16. exd5 exd5 17. Rc1 c6 18. Qd2 Rae8 19. Rce1 Rxe1
20. Qxe1 Qxd4 21. Qe6+ Kh8 22. Qe7 Rg8 23. Qxb7 Qa4 24. b3 Qxa2 25. Qxc6
Qxb3 26. Qxa6 d4 27. Rd1 Rd8 28. Rd3 Qb1+ 29. Rd1 Qxd1+ 30. Qf1 Qxf1+ 31.
Kxf1 d3 32. Ke1 d2+ 33. Kd1 Kg8 {White resigns} 0-1

[Event "ICC tourney 1922 (15 5)"]
[Site "Internet Chess Club"]
[Date "2020.07.17"]
[Round "5"]
[White "lahn"]
[Black "TanyaS"]
[Result "1-0"]
[ICCResult "Black checkmated"]
[WhiteElo "1214"]
[BlackElo "1160"]
[Opening "Mieses opening"]
[ECO "A00"]
[NIC "VO.13"]
[Time "16:13:50"]
[TimeControl "900+5"]

1. d3 d5 2. d4 Nc6 3. Nf3 Bf5 4. Bf4 Nf6 5. Nc3 Qd7 6. a3 O-O-O 7. b4 e6 8.
b5 Ne7 9. e3 e5 10. dxe5 Ng4 11. b6 axb6 12. Bb5 c6 13. Bd3 Ng6 14. Bxf5
Qxf5 15. h3 Nh6 16. g4 Qd7 17. a4 Ng8 18. a5 Nxf4 19. exf4 Bb4 20. axb6
Bxc3+ 21. Nd2 Bxa1 22. Qxa1 Nh6 23. g5 Nf5 24. Nb3 d4 25. Nc5 Qd5 26. Qa8#
{Black checkmated}
1-0

[Event "ICC tourney 1922 (15 5)"]
[Site "Internet Chess Club"]
[Date "2020.07.17"]
[Round "5"]
[White "amaganti"]
[Black "GabrielSkevin"]
[Result "0-1"]
[ICCResult "White checkmated"]
[WhiteElo "1171"]
[BlackElo "1400"]
[Opening "Sicilian defense"]
[ECO "B20"]
[NIC "SI.48"]
[Time "16:13:27"]
[TimeControl "900+5"]

1. e4 c5 2. Bc4 e6 3. Nf3 d6 4. Bb5+ Nd7 5. Bxd7+ Qxd7 6. Qe2 Nf6 7. Nh4 Be7
8. Qf3 a6 9. Qf4 e5 10. Qg5 Ng4 11. Qxg7 Bf6 12. Qxh8+ Bxh8 13. d4 cxd4 14.
Nf5 Nf6 15. Bh6 Nxe4 16. Nh4 Bf6 17. f3 Bxh4+ 18. g3 Bg5 19. fxe4 Bxh6 20.
O-O Qh3 21. Na3 Be3+ 22. Kh1 Bg4 23. Rae1 Rc8 24. Nc4 Rxc4 25. Rf6 Rxc2 26.
Rd1 Qxh2# {White checkmated} 0-1

[Event "ICC tourney 1922 (15 5)"]
[Site "Internet Chess Club"]
[Date "2020.07.17"]
[Round "5"]
[White "mlmkacton"]
[Black "maadhavd"]
[Result "1-0"]
[ICCResult "Black resigns"]
[WhiteElo "1472"]
[BlackElo "1455"]
[Opening "Giuoco Piano: four knights variation"]
[ECO "C47"]
[NIC "KP.06"]
[Time "16:13:25"]
[TimeControl "900+5"]

1. e4 e5 2. Nf3 Nc6 3. Nc3 Nf6 4. Bc4 Bc5 5. O-O O-O 6. d3 d6 7. h3 h6 8.
Be3 Bxe3 9. fxe3 Bd7 10. Nd5 Nxd5 11. Bxd5 Rb8 12. d4 Ne7 13. Bb3 exd4 14.
exd4 Qc8 15. Kh2 Ng6 16. Qd2 Be6 17. e5 Bxb3 18. axb3 a6 19. exd6 cxd6 20.
Qc3 Qxc3 21. bxc3 Rfc8 22. c4 d5 23. cxd5 Rxc2 24. Ne5 Nxe5 25. dxe5 Re2 26.
Rfe1 Rxe1 27. Rxe1 Re8 28. e6 fxe6 29. dxe6 Kf8 30. Kg3 Ke7 31. Kf4 Kd6 32.
Kf5 Rf8+ 33. Kg4 Rf6 34. e7 Rg6+ 35. Kf3 Rf6+ 36. Kg3 Rg6+ 37. Kh2 Re6 38.
Rxe6+ Kxe6 39. e8=Q+ Kd6 40. Qg6+ Kc5 41. Qxg7 b5 42. Qxh6 Kb4 43. Qxa6 Kxb3
44. Qxb5+ Kc2 45. Qb4 Kd3 46. h4 Ke3 47. h5 Kd3 48. h6 Ke3 49. Qb3+ Ke4 50.
h7 Kf5 51. h8=R Kf6 {Black resigns} 1-0

[Event "ICC tourney 1922 (15 5)"]
[Site "Internet Chess Club"]
[Date "2020.07.17"]
[Round "5"]
[White "viratfan"]
[Black "chesspanda0610"]
[Result "0-1"]
[ICCResult "White checkmated"]
[WhiteElo "1515"]
[BlackElo "1651"]
[Opening "Evans gambit"]
[ECO "C52"]
[NIC "IG.05"]
[Time "16:13:27"]
[TimeControl "900+5"]

1. e4 e5 2. Nf3 Nc6 3. Bc4 Bc5 4. b4 Bxb4 5. c3 Ba5 6. Qb3 Qe7 7. Ba3 d6 8.
O-O Nf6 9. Re1 O-O 10. Re2 Bb6 11. Qc2 Be6 12. Bxe6 fxe6 13. Bb2 Rad8 14. d4
exd4 15. cxd4 e5 16. d5 Nd4 17. Nxd4 exd4 18. Nd2 Ng4 19. f3 d3+ 20. Kh1
dxc2 21. fxg4 Qg5 22. h3 Qf4 23. Rf1 Qg3 24. Rxf8+ Rxf8 25. Nc4 Qd3 26. Re3
Bxe3 27. Nxe3 Qxe3 28. Kh2 Rf1 29. h4 Qf4+ 30. g3 Qf2+ 31. Kh3 Rh1#
{White checkmated}
0-1

[Event "ICC tourney 1922 (15 5)"]
[Site "Internet Chess Club"]
[Date "2020.07.17"]
[Round "5"]
[White "Pranayasree"]
[Black "DonnieKnight01"]
[Result "1-0"]
[ICCResult "Black checkmated"]
[WhiteElo "1357"]
[BlackElo "1275"]
[Opening "KP: Patzer opening"]
[ECO "C20"]
[NIC "KP.10"]
[Time "16:13:23"]
[TimeControl "900+5"]

1. e4 e5 2. Qh5 Nc6 3. Qf3 Nf6 4. Nh3 Nd4 5. Qd3 Bc5 6. c3 Nc6 7. b4 Bb6 8.
Be2 d6 9. O-O Bxh3 10. Qxh3 Nxe4 11. Qf3 d5 12. Na3 O-O 13. g3 Ne7 14. Bd3
f5 15. Bc2 Ng6 16. d3 Ng5 17. Qe2 Nh3+ 18. Kg2 Ng5 19. Bxg5 Qxg5 20. Qf3 f4
21. Qxd5+ Rf7 22. Bb3 Rf8 23. Qxb7 fxg3 24. Bxf7+ Rxf7 25. fxg3 Nh4+ 26. Kh1
Qd2 27. Qd5 h6 28. Qxf7+ Kh7 29. gxh4 c6 30. Nc4 Qxd3 31. Nxb6 axb6 32. Qf5+
Qxf5 33. Rxf5 e4 34. Re5 Kg6 35. Rxe4 Kf5 36. Re7 g5 37. hxg5 hxg5 38. Rc7
c5 39. bxc5 bxc5 40. Rxc5+ Kf4 41. a4 g4 42. a5 Kf3 43. a6 g3 44. hxg3 Kxg3
45. a7 Kf4 46. a8=Q Ke3 47. Qe8+ Kf4 48. Rc4+ Kf5 49. Qd7+ Ke5 50. Re1+ Kf6
51. Qe7+ Kf5 52. Qf7+ Kg5 53. Rg1+ Kh6 54. Qg7+ Kh5 55. Qh7# {Black
checkmated} 1-0

[Event "ICC tourney 1922 (15 5)"]
[Site "Internet Chess Club"]
[Date "2020.07.17"]
[Round "5"]
[White "Nedas15"]
[Black "LoukyaNarne"]
[Result "1-0"]
[ICCResult "Black checkmated"]
[WhiteElo "1187"]
[BlackElo "1345"]
[Opening "Four knights game"]
[ECO "C47"]
[NIC "KP.06"]
[Time "16:13:29"]
[TimeControl "900+5"]

1. e4 e5 2. Nf3 Nc6 3. Nc3 Nf6 4. d3 Bc5 5. Nxe5 Nxe5 6. d4 Bxd4 7. Qxd4 d6
8. Qd1 Be6 9. b3 Qd7 10. Bb5 c6 11. Ba4 b5 12. Nxb5 cxb5 13. Bxb5 Qxb5 14.
Rb1 Qb7 15. O-O Nxe4 16. f3 Nc3 17. Qe1 Nxb1 18. Bb2 Qb6+ 19. Kh1 g5 20.
Qxb1 g4 21. f4 Qc5 22. fxe5 dxe5 23. Re1 f6 24. Qa1 Bc8 25. Bxe5 fxe5 26.
Rxe5+ Qxe5 27. Qxe5+ Kd7 28. Qxh8 Bb7 29. Qxh7+ Kc6 30. Qh6+ Kc7 31. Qh7+
Kb6 32. Qg6+ Ka5 33. Qxg4 Re8 34. Qh5+ Kb6 35. Qxe8 a5 36. h4 Bc6 37. Qe6
Kb5 38. c4+ Kb6 39. h5 Kc5 40. Qe7+ Kb6 41. h6 Ka6 42. h7 Kb6 43. h8=Q Ka6
44. Qhf6 a4 45. Qxc6+ Ka5 46. Qa7+ Kb4 47. Qab6+ Ka3 48. Qcc5+ Kxa2 49. Qf2+
Ka3 50. Qd6+ Kxb3 51. Qdd4 a3 52. Qf3+ Kc2 53. Qxa3 Kb1 54. Qf3 Ka2 55. Qd2+
Kb1 56. Qf1# {Black checkmated} 1-0

[Event "ICC tourney 1922 (15 5)"]
[Site "Internet Chess Club"]
[Date "2020.07.17"]
[Round "5"]
[White "JSpitzer"]
[Black "Armaan10"]
[Result "1-0"]
[ICCResult "Black checkmated"]
[WhiteElo "1478"]
[BlackElo "1287"]
[Opening "King's pawn game"]
[ECO "C50"]
[NIC "IG.03"]
[Time "16:13:24"]
[TimeControl "900+5"]

1. e4 e5 2. Nf3 Nc6 3. Bc4 Bd6 4. O-O Bc5 5. c3 Nf6 6. d3 O-O 7. Nbd2 Nb8 8.
Re1 d6 9. Nf1 Nc6 10. Ng3 Nxe4 11. dxe4 Re8 12. b4 Bb6 13. b5 Na5 14. Bb3 a6
15. bxa6 bxa6 16. Ng5 h6 17. Nf3 Be6 18. Bxe6 Rxe6 19. Be3 Bxe3 20. fxe3 g6
21. h4 g5 22. hxg5 hxg5 23. Nh5 g4 24. Nh2 Rg6 25. g3 Rh6 26. Qxg4+ Rg6 27.
Qf5 Qc8 28. Nf6+ Kg7 29. Nh5+ Kg8 30. Rf1 Qxf5 31. exf5 Rg5 32. Nf6+ Kg7 33.
Ne4 Nc4 34. Nxg5 Nxe3 35. f6+ Kg6 36. Rf3 Nc2 37. Rc1 e4 38. Nxe4 Na3 39.
Ng4 Nc4 40. Kg2 Nd2 41. Nxd2 Kh5 42. Rf4 Kg5 43. Ne4+ Kg6 44. Rh1 Rg8 45.
Rh6# {Black checkmated} 1-0

[Event "ICC tourney 1922 (15 5)"]
[Site "Internet Chess Club"]
[Date "2020.07.17"]
[Round "5"]
[White "Hansini"]
[Black "Aurex"]
[Result "0-1"]
[ICCResult "White checkmated"]
[WhiteElo "1286"]
[BlackElo "1062"]
[Opening "Philidor's defense"]
[ECO "C41"]
[NIC "KP.10"]
[Time "16:13:23"]
[TimeControl "900+5"]

1. e4 e5 2. Nf3 d6 3. Nc3 Nf6 4. Bc4 Bg4 5. d3 Bxf3 6. Qxf3 Nc6 7. O-O Qd7
8. Be3 Qg4 9. Qd1 Qxd1 10. Rfxd1 Be7 11. d4 Nxd4 12. Bxd4 exd4 13. Rxd4 O-O
14. Nd5 Nxd5 15. Rxd5 c6 16. Rh5 g6 17. Rh6 Bg5 18. Rh3 Rfe8 19. Re1 Re5 20.
Bd3 Rae8 21. Rg3 Bd2 22. Re2 Bf4 23. Rf3 g5 24. g3 Bc1 25. Bc4 Rf8 26. Rf5
Rxf5 27. exf5 Bxb2 28. Rd2 Bc3 29. Rxd6 Bd2 30. Rd7 b5 31. Bb3 a6 32. Ra7 a5
33. c3 Bxc3 34. Rc7 c5 35. Rxc5 Bb4 36. Rxb5 Bc3 37. f4 gxf4 38. gxf4 Kh8
39. f6 Rg8+ 40. Kf1 Rg4 41. f5 h5 42. Rc5 Bb4 43. Rc4 Rxc4 44. Bxc4 Kg8 45.
Ke2 Bc3 46. Kf3 Bxf6 47. Kf4 a4 48. Ke4 h4 49. Kd5 a3 50. h3 Be7 51. Ke5 Kg7
52. f6+ Bxf6+ 53. Kd6 Bc3 54. Kd5 f5 55. Kc5 Kg6 56. Kb5 f4 57. Ka4 Bb2 58.
Kb4 Kf5 59. Kb3 Ke4 60. Kb4 f3 61. Ka4 f2 62. Kb5 Kf3 63. Ka5 Kg2 64. Ka4
Kxh3 65. Ka5 Kg2 66. Ka4 h3 67. Kb5 f1=Q 68. Bxf1+ Kxf1 69. Kc4 h2 70. Kd3
h1=Q 71. Kc2 Qg2+ 72. Kd3 Qf3+ 73. Kc4 Qc3+ 74. Kd5 Qd4+ 75. Kc6 Qe5 76. Kd7
Qf6 77. Kc7 Qe6 78. Kb7 Qd6 79. Ka7 Qc6 80. Kb8 Kf2 81. Ka7 Ke3 82. Kb8 Kd4
83. Ka7 Kc5 84. Kb8 Be5+ 85. Ka7 Qb6+ 86. Ka8 Qb8# {White checkmated} 0-1

[Event "ICC tourney 1922 (15 5)"]
[Site "Internet Chess Club"]
[Date "2020.07.17"]
[Round "6"]
[White "DonnieKnight01"]
[Black "mahn"]
[Result "1-0"]
[ICCResult "Black checkmated"]
[WhiteElo "1292"]
[BlackElo "1072"]
[Opening "King's pawn opening"]
[ECO "B00"]
[NIC "VO.17"]
[Time "17:09:40"]
[TimeControl "900+5"]

1. e4 b5 2. Nf3 Bb7 3. Nc3 Bxe4 4. Nxe4 d5 5. Neg5 e5 6. Nxe5 Bd6 7. Nexf7
h6 8. Nxd8 hxg5 9. Nc6 Kd7 10. Nxb8+ Rxb8 11. Qg4+ Kd8 12. Qxg5+ Kc8 13.
Qxg7 Rh4 14. Qxg8+ Kb7 15. Qxd5+ c6 16. Qxd6 Rc8 17. Qe7+ Rc7 18. Qxh4 Re7+
19. Qxe7+ Kb6 20. d3 b4 21. Be3+ c5 22. Qxc5+ Kb7 23. Qxa7+ Kc6 24. Qa4+ Kd5
25. Qxb4 Ke5 26. O-O-O Kf5 27. Qe4+ Kf6 28. d4 Kf7 29. d5 Kf8 30. d6 Kg8 31.
d7 Kh8 32. Bd4+ Kg8 33. d8=Q+ Kf7 34. Bc4# {Black checkmated} 1-0

[Event "ICC tourney 1922 (15 5)"]
[Site "Internet Chess Club"]
[Date "2020.07.17"]
[Round "6"]
[White "Anichess2009"]
[Black "Pranayasree"]
[Result "1-0"]
[ICCResult "Black checkmated"]
[WhiteElo "1440"]
[BlackElo "1328"]
[Opening "Damiano's defense"]
[ECO "C40"]
[NIC "KP.10"]
[Time "17:09:40"]
[TimeControl "900+5"]

1. e4 e5 2. Nf3 f6 3. Nc3 Bc5 4. Bc4 Nh6 5. d3 Ng4 6. O-O d6 7. h3 Nh6 8.
Be3 Bxe3 9. fxe3 Nc6 10. Nh4 Na5 11. Qh5+ Ke7 12. Nf5+ Kd7 13. Nxh6 gxh6 14.
Qf7+ Kc6 15. Bb5+ Kb6 16. Qd5 c6 17. Na4+ Kc7 18. Qf7+ Kb8 19. Bc4 Nxc4 20.
dxc4 Qd7 21. Qxf6 Qe8 22. Qxd6# {Black checkmated} 1-0

[Event "ICC tourney 1922 (15 5)"]
[Site "Internet Chess Club"]
[Date "2020.07.17"]
[Round "6"]
[White "TanishaS"]
[Black "GabrielSkevin"]
[Result "1-0"]
[ICCResult "Black checkmated"]
[WhiteElo "1023"]
[BlackElo "1269"]
[Opening "Sicilian: closed"]
[ECO "B23"]
[NIC "SI.44"]
[Time "17:09:40"]
[TimeControl "900+5"]

1. e4 c5 2. Nc3 d6 3. Bb5+ Nd7 4. Nf3 a6 5. Bc4 e6 6. d4 b5 7. Bb3 cxd4 8.
Nxd4 Ngf6 9. O-O Be7 10. Bg5 O-O 11. e5 dxe5 12. Nc6 Qe8 13. Ne4 Nc5 14.
Nxc5 Bxc5 15. Nxe5 Be7 16. Ng4 Nxg4 17. Qxg4 e5 18. Qe4 Bb7 19. Qh4 e4 20.
c4 Bc5 21. Bc2 e3 22. Qxh7# {Black checkmated} 1-0

[Event "ICC tourney 1922 (15 5)"]
[Site "Internet Chess Club"]
[Date "2020.07.17"]
[Round "6"]
[White "WCCMTW"]
[Black "AlectroGamerAD"]
[Result "1-0"]
[ICCResult "Black checkmated"]
[WhiteElo "1358"]
[BlackElo "1306"]
[Opening "Two knights defense (Modern bishop's opening)"]
[ECO "C55"]
[NIC "IG.01"]
[Time "17:09:40"]
[TimeControl "900+5"]

1. e4 e5 2. Nf3 Nc6 3. Bc4 Nf6 4. d3 d6 5. Nc3 Be6 6. Nd5 Qd7 7. Nxf6+ gxf6
8. Bxe6 fxe6 9. Be3 O-O-O 10. O-O f5 11. c3 Qg7 12. Qd2 Rg8 13. g3 f4 14. d4
fxe3 15. Qxe3 exd4 16. Nxd4 Nxd4 17. cxd4 e5 18. dxe5 Qxe5 19. Qxa7 d5 20.
exd5 Qxd5 21. Rfd1 Qc6 22. Rxd8+ Kxd8 23. Rd1+ Bd6 24. Qb8+ Ke7 25. Qxg8 Qe8
26. Qxh7+ Kf8 27. Qh8+ Ke7 28. Qxe8+ Kxe8 29. b3 b5 30. a4 bxa4 31. bxa4 Bc5
32. a5 Ke7 33. Rc1 Bb4 34. Rxc7+ Kd6 35. Ra7 Kc6 36. h4 Kb5 37. a6 Bc5 38.
Rc7 Kb6 39. a7 Kxc7 40. a8=Q Kd6 41. Qa6+ Kd5 42. h5 Bxf2+ 43. Kxf2 Ke5 44.
h6 Kd5 45. h7 Ke5 46. h8=R Kd5 47. Rh4 Ke5 48. Qa5+ Ke6 49. Rh6+ Kf7 50.
Qa7+ Kg8 51. Rb6 Kf8 52. Rb8# {Black checkmated} 1-0

[Event "ICC tourney 1922 (15 5)"]
[Site "Internet Chess Club"]
[Date "2020.07.17"]
[Round "6"]
[White "maadhavd"]
[Black "sahanakasturi"]
[Result "0-1"]
[ICCResult "White checkmated"]
[WhiteElo "1423"]
[BlackElo "1495"]
[Opening "two knights defense: Fegatello attack"]
[ECO "C57"]
[NIC "KP.01"]
[Time "17:09:40"]
[TimeControl "900+5"]

1. e4 e5 2. Nf3 Nc6 3. Bc4 Nf6 4. Ng5 d5 5. exd5 Nxd5 6. Nxf7 Kxf7 7. Qf3+
Ke8 8. Bxd5 Qg5 9. Bxc6+ bxc6 10. Qxc6+ Kd8 11. Qxa8 e4 12. Qxe4 Bf5 13. Qe3
Qxg2 14. Qd4+ Kc8 15. Rf1 Bg4 16. f3 Bh3 17. Qg1 Qxg1 18. Rxg1 Bc5 19. Rxg7
Re8+ 20. Kd1 Bf2 21. c3 Bf5 22. d3 Re1+ 23. Kc2 Be6 24. Bd2 Re2 25. Re7 Bb3+
26. axb3 Rxe7 27. Rxa7 Bxa7 28. Na3 Re2 29. Nb1 Rxh2 30. b4 Rg2 31. Kb3 h5
32. f4 Kd8 33. f5 Ke8 34. Bh6 Kf7 35. Na3 h4 36. Nc4 h3 37. Ne5+ Kf6 38. Bf4
Kxf5 39. Nc6 Kxf4 40. Nxa7 h2 41. Kc4 h1=Q 42. Kc5 Qh3 43. Kc6 Qh4 44. Kxc7
Qh6 45. b5 Rg7+ 46. Kd8 Qh8# {White checkmated} 0-1

[Event "ICC tourney 1922 (15 5)"]
[Site "Internet Chess Club"]
[Date "2020.07.17"]
[Round "6"]
[White "hmnyc"]
[Black "Eshap"]
[Result "0-1"]
[ICCResult "White checkmated"]
[WhiteElo "1531"]
[BlackElo "1521"]
[Opening "two knights defense: Fegatello attack"]
[ECO "C57"]
[NIC "KP.01"]
[Time "17:09:36"]
[TimeControl "900+5"]

1. e4 e5 2. Nf3 Nc6 3. Bc4 Nf6 4. Ng5 d5 5. exd5 Nxd5 6. Nxf7 Kxf7 7. Qf3+
Ke8 8. Qxd5 Qxd5 9. Bxd5 Be7 10. Bxc6+ bxc6 11. Nc3 Ba6 12. d3 Kf7 13. Be3
Rhf8 14. O-O-O Kg8 15. d4 exd4 16. Rxd4 Bf6 17. Ra4 Bb5 18. Nxb5 cxb5 19.
Re4 Rad8 20. Bxa7 Ra8 21. Bc5 Rfd8 22. Kb1 Ra6 23. Rhe1 Raa8 24. Bb4 Ra4 25.
b3 Ra6 26. Re8+ Rxe8 27. Rxe8+ Kf7 28. Rf8+ Kg6 29. Rc8 Rc6 30. Ba5 Rd6 31.
c3 Rd2 32. c4 Rb2+ 33. Kc1 bxc4 34. Rf8 Rxa2 35. Bxc7 cxb3 36. Rb8 b2+ 37.
Kb1 Ra1+ 38. Kc2 Rc1+ 39. Kd2 Rxc7 40. Ra8 b1=Q 41. Ke3 Qb3+ 42. Kf4 Rc4#
{White checkmated}
0-1